 Dungeon Crawl Stone Soup version 0.30.1-9-gdf580d7c3d (webtiles) character file.

Game seed: 10270684912027424887

465 Cheops the Firebug (level 7, -1/55 HPs)
             Began as a Naga Fire Elementalist on Sept 29, 2023.
             Slain by a lemure (4 damage)
             ... led by Pikel
             ... on level 4 of the Dungeon.
             The game lasted 00:17:33 (4488 turns).

Cheops the Firebug (Naga Fire Elementalist)         Turns: 4488, Time: 00:17:33

Health: -1/55      AC:  6    Str: 10    XL:     7   Next: 8%
Magic:  0/11       EV:  9    Int: 18    God:
Gold:   134        SH:  0    Dex: 11    Spells: 2/12 levels left

rFire   . . .        (no weapon)
rCold   . . .        (no shield)
rNeg    . . .        a - +0 robe
rPois   +            d - +1 helmet
rElec   .            (no cloak)
rCorr   .            q - +0 pair of gloves
SInv    +            (no barding)
Will    .....        o - amulet of guardian spirit
Stlth   ++           e - ring of flight
HPRegen 0.29/turn    (no ring)
MPRegen 0.12/turn

%: guardian spirit
@: flying, hasted, quick
A: AC +2, large, see invisible, deformed body, poison resistance, slowness 2,
spit poison 1, naga tail 1, stinger 1, deterioration 1, subdued magic 1
a: Spit Poison


You were on level 4 of the Dungeon.
You visited 1 branch of the dungeon, and saw 4 of its levels.

You collected 134 gold pieces.

Inventory:

Armour
 a - a +0 robe (worn)
 d - a +1 helmet (worn)
 q - a +0 pair of gloves (worn)
Jewellery
 e - a ring of flight (left hand)
 o - an amulet of guardian spirit (around neck)
Scrolls
 g - a scroll of silence
 j - 2 scrolls of enchant weapon
 n - a scroll of fog
 r - a scroll of brand weapon
 s - 2 scrolls of teleportation
 t - a scroll of immolation
Potions
 b - a potion of magic
 f - a potion of mutation
 h - a potion of haste
 i - 2 potions of brilliance {unknown}
 k - 2 potions of attraction {unknown}
 l - 2 potions of lignification {unknown}
 m - 2 potions of degeneration {unknown}
 w - a potion of flight {unknown}


   Skills:
 - Level 1.5 Dodging
 - Level 3.0 Stealth
 - Level 3.0 Spellcasting
 - Level 4.0 Conjurations
 + Level 4.4 Fire Magic
 - Level 4.0 Ice Magic


You had 2 spell levels left.
You knew the following spells:

 Your Spells              Type           Power      Damage    Failure   Level
a - Foxfire               Conj/Fire      52%        2x1d6     2%          1
b - Flame Wave            Conj/Fire      13%        2d6       24%         4
r - Frozen Ramparts       Ice            26%        1d4       8%          3
s - Scorch                Fire           28%        2d6       3%          2

Your spell library contained the following spells:

 Spells                   Type           Power      Damage    Failure   Level
 Freeze                   Ice            52%        1d6       2%          1
 Hailstorm                Conj/Ice       13%        3d5       8%          3
 Inner Flame              Hex/Fire       8%         N/A       17%         3
 Volatile Blastmotes      Fire/Tloc      16%        2d11      17%         3


Dungeon Overview and Level Annotations

Branches:
Dungeon (4/15)             Temple (0/1) D:4

Altars:
Ru

Annotations:
D:4 Pikel


Innate Abilities, Weirdness & Mutations

Your serpentine skin is tough. (AC +2)
You have supernaturally acute eyesight. (SInv)
Armour fits poorly on your strangely shaped body.
Your system is resistant to poisons. (rPois)
You cover ground very slowly.
You can spit poison.
You have a snake-like lower body.
Your tail ends in a venomous barb.
Your body sometimes deteriorates upon taking damage.
Your spells are a little easier to cast, but a little less powerful.


Message History

The foxfire hits the lemure.
The lemure is severely wounded.
The foxfire hits the lemure.
The lemure is severely wounded.
The wall freezes the lemure but does no damage.
The lemure misses you.
The wall freezes the lemure but does no damage.
The lemure hits you.
* * * LOW HITPOINT WARNING * * *
Aiming: Spit Poison (1% risk of failure)
Press: ? - help, Shift-Dir - straight line, f - lemure
Aim: a lemure (almost dead, 50% to hit)
The splash of poison misses the lemure.
The wall freezes the lemure but does no damage.
The lemure hits you but does no damage.
The wall freezes the lemure but does no damage.
The lemure hits you.
* * * LOW HITPOINT WARNING * * *
Your frozen ramparts will break if you move.
Continue?
Okay, then.
The wall freezes the lemure. x2; The lemure hits you.
* * * LOW HITPOINT WARNING * * *
The wall freezes the lemure.
The lemure hits you.
* * * LOW HITPOINT WARNING * * *
Okay, then.
Okay, then.
It was a potion of cancellation.
Your magical effects are unravelling.
You feel magically purged.
The frozen ramparts melt away.
The lemure hits you but does no damage. The lemure barely misses you.
It was a potion of mutation.
You feel extremely strange.
You feel yourself wasting away.
Your connection to magic feels subdued.
A venomous barb forms on the end of your tail.
The lemure misses you. The lemure barely misses you.
Okay, then.
It was a potion of haste.
You feel yourself speed up.
You have got your breath back.
A hound comes into view.
The lemure hits you. x2
You die...

#########
#........
####<.......
##..†.###....
#@..##...# .
#55#..###..#
#..#5.#..K .
....#.#.###K
###.#.#.#..
#. . .#.>h #.
.#.# .. #! #.
. #. .


You could see Pikel (wandering), 3 lemures and a hound (wandering).

Vanquished Creatures
  Grinder (D:3)
  A lemure (D:4)
  A hound (D:4)
  Jessica (D:3)
  Natasha (thrice) (D:2)
  Terence (D:2)
  Robin (D:3)
  2 adders (D:2)
  3 worms
  A dart slug (D:2)
  6 orcs
  9 ball pythons
  6 endoplasms
  5 giant cockroaches
  10 hobgoblins
  7 kobolds
  4 quokkas
  6 bats
  5 frilled lizards
  13 goblins
  2 rats
88 creatures vanquished.

Vanquished Creatures (others)
  197 foxfires
197 creatures vanquished.

Grand Total: 285 creatures vanquished

Notes
Turn   | Place    | Note
-------+----------+-------------------------------------------
     0 | D:1      | Cheops the Naga Fire Elementalist began the quest for the
                  | Orb.
     0 | D:1      | Reached XP level 1. HP: 15/15 MP: 3/3
   167 | D:1      | Reached XP level 2. HP: 21/22 MP: 0/5
   240 | D:1      | Learned a level 2 spell: Scorch
   867 | D:1      | Reached XP level 3. HP: 28/28 MP: 4/6
   871 | D:1      | Learned a level 3 spell: Frozen Ramparts
  1338 | D:2      | Noticed Natasha
  1342 | D:2      | Killed Natasha
  1343 | D:2      | Reached skill level 1 in Ice Magic
  1367 | D:2      | Reached XP level 4. HP: 32/36 MP: 0/7
  1558 | D:2      | Noticed Natasha
  1566 | D:2      | Killed Natasha
  1847 | D:2      | Noticed Natasha
  1852 | D:2      | Killed Natasha
  1933 | D:2      | Reached XP level 5. HP: 42/42 MP: 5/8
  2342 | D:3      | Noticed Terence
  2582 | D:2      | Killed Terence
  3271 | D:3      | Noticed Jessica
  3275 | D:3      | Killed Jessica
  3300 | D:3      | Noticed Robin
  3600 | D:2      | Reached XP level 6. HP: 42/49 MP: 5/9
  3689 | D:3      | Killed Robin
  3897 | D:3      | Noticed Grinder
  3917 | D:3      | Paralysed by Grinder for 4 turns
  3928 | D:3      | Killed Grinder
  4169 | D:3      | Found a sacrificial altar of Ru.
  4272 | D:3      | Reached XP level 7. HP: 46/55 MP: 4/11
  4434 | D:3      | Learned a level 4 spell: Flame Wave
  4465 | D:4      | Noticed Pikel
  4467 | D:4      | Found a staircase to the Ecumenical Temple.
  4485 | D:4      | HP: 2/55 [lemure[Pikel] (4)]
  4487 | D:4      | Gained mutation: Your body sometimes deteriorates upon
                  | taking damage. [potion of mutation]
  4487 | D:4      | Gained mutation: Your spells are a little easier to cast,
                  | but a little less powerful. [potion of mutation]
  4487 | D:4      | Gained mutation: Your tail ends in a venomous barb. [potion
                  | of mutation]
  4488 | D:4      | Slain by a lemure

Illustrated notes

Levels and vault maps discovered:
D:1:      sevenhm_arrival_forest_fort_large_2, layout_loops_cross,
          palyth_stone_intersect, minmay_cut_off
D:2:      layout_basic, uniq_natasha
D:3:      layout_rooms, mainiacjoe_overflow_brackets, uniq_grinder,
          uniq_terence, uniq_jessica, uniq_robin
D:4:      layout_rooms, minmay_temple_entry_steel_oval,
          gup_ossuary_entry_pyramid, gup_sewer_entry_pipe, uniq_pikel,
          uniq_blork_the_orc

Skill      XL: |  1  2  3  4  5  6 |
---------------+-------------------+-----
Conjurations   | 2 3 4 |  4.0
Ice Magic      | 1 3 4 |  4.0
Fire Magic     | 4 |  4.4
Spellcasting   | 3 |  3.0
Dodging        | |  1.5
Stealth        | |  3.0

Action                     |  1- 3 |  4- 6 |  7- 9 || total
---------------------------+-------+-------+-------++-------
  Melee: Unarmed           |    19 |    24 |    15 ||    58
   Cast: Foxfire           |    32 |    77 |     4 ||   113
         Scorch            |     5 |    13 |       ||    18
         Frozen Ramparts   |       |     6 |     3 ||     9
Ability: Spit Poison       |     6 |     6 |     1 ||    13
    Use: Scroll            |       |     5 |     3 ||     8
         Potion            |       |     2 |     4 ||     6
 Armour: Robe              |     6 |    35 |    10 ||    51
  Dodge: Dodged            |    10 |    65 |    16 ||    91
